AoeStats
← Alexis

Arena

510428782Analyzed
1v1 RM · 2d ago on Oct 1, 2026· 68m 4s· 2 players
Game mode
Random Map
Map size
Tiny (2 player)
Population
200
Speed
Normal
Resources
Standard
Victory
Conquest
Starting age
Dark Age
Ending age
Imperial Age
RankedLock teamsTeams togetherTeam positionsShared explorationLock speedFull tech treeHidden civsTurbo modeCheats
Victory
Defeat
🇨🇱 Saxons · Chile
769
+18
🇺🇸 Dravidians · United States
823
-18
Cam's Substance
5:52 Loom
9:54 Feudal Age
10:24 Double-Bit Axe
13:38 Wheelbarrow
16:37 Castle Age
18:27 Man-at-Arms
19:20 Long Swordsman
22:09 Squires
24:10 Horse Collar
25:02 Town Watch
26:30 Fletching
27:22 Elite Skirmisher
28:06 Padded Archer Armor
29:58 Ballistics
30:17 Bodkin Arrow
30:53 Bow Saw
34:23 Scale Mail Armor
36:39 Leather Archer Armor
37:05 Heavy Plow
37:42 Chain Mail Armor
37:28 Arson
38:28 Forging
42:02 Imperial Age
40:02 Masonry
42:18 Hand Cart
42:45 Bracer
43:20 Conscription
44:11 Iron Casting
44:30 Town Patrol
43:53 Two-Handed Swordsman
45:08 Ring Archer Armor
46:16 Chemistry
47:34 Plate Mail Armor
56:29 Blast Furnace
61:23 Pikeman
Alexis
4:19 Loom
12:07 Feudal Age
14:36 Double-Bit Axe
18:09 Castle Age
16:12 Man-at-Arms
17:16 Horse Collar
21:41 Bow Saw
23:44 Fletching
26:34 Ballistics
29:54 Imperial Age
30:07 Wheelbarrow
29:18 Town Watch
29:48 Bodkin Arrow
30:12 Heavy Plow
31:58 Chemistry
32:01 Cranequins
33:18 Fortified Wall
34:43 Arrowslits
36:11 Padded Archer Armor
36:12 Bracer
36:55 Husbandry
38:07 Capped Ram
39:27 Thumb Ring
40:49 Hand Cart
41:36 Crop Rotation
41:09 Guard Tower
41:27 Siege Engineers
40:58 Elite Skirmisher
41:45 Heavy Mounted Crossbowman
43:41 Hoardings
43:39 Gold Mining
44:21 Onager
45:35 Leather Archer Armor
45:26 Scale Barding Armor
45:37 Bloodlines
46:35 Elite Hearth Troop
53:41 Light Cavalry
55:08 Town Patrol
56:23 Keep
55:59 Masonry
55:46 Murder Holes
69:38 Two-Man Saw
Connection lost

Rejoining the realm…

Still unreachable

The connection could not be restored.

Session expired

The server has moved on; the page needs a fresh start.